AoeStats
← BenitoCamela

Nomad

507838596Analyzed
2v2 RM · 13d ago on Sep 19, 2026· 66m 9s· 4 players
Game mode
Random Map
Map size
176×176
Population
200
Speed
Normal
Resources
Standard
Victory
Conquest
Starting age
Dark Age
Ending age
Imperial Age
RankedLock teamsTeams togetherTeam positionsShared explorationLock speedFull tech treeHidden civsTurbo modeCheats
Victory
Defeat
🇺🇸 Japanese · United States
713
+13
🇦🇷 Britons · Argentina
685
+14
🇺🇸 Armenians · United States
664
-15
🇺🇸 Khmer · United States
619
-12
AnarchistOwl
4:44 Loom
18:26 Feudal Age
18:31 Man-at-Arms
19:06 Town Watch
19:20 Long Swordsman
21:59 Scale Mail Armor
21:52 Arson
23:07 Forging
26:08 Wheelbarrow
27:41 Bloodlines
29:10 Scale Barding Armor
32:02 Castle Age
30:26 Double-Bit Axe
33:02 Husbandry
34:13 Hand Cart
34:33 Fishing Lines
35:17 Gillnets
37:31 Chain Mail Armor
38:06 Town Patrol
39:49 Chain Barding Armor
39:54 Bow Saw
41:50 Iron Casting
41:06 Fletching
41:20 Two-Handed Swordsman
41:46 Gambesons
45:43 Imperial Age
44:02 Cilician Fleet
44:43 Bodkin Arrow
46:53 Ballistics
47:33 Chemistry
46:34 Gold Mining
47:28 Masonry
47:17 Murder Holes
48:36 Careening
48:37 Clinker Construction
49:23 Conscription
49:50 Bracer
50:00 Squires
50:36 Padded Archer Armor
51:08 Plate Mail Armor
54:31 Blast Furnace
54:29 Dry Dock
55:00 Elite Composite Bowman
56:39 Leather Archer Armor
57:26 Light Cavalry
Lizzie Borden
15:40 Feudal Age
18:55 Double-Bit Axe
20:05 Horse Collar
20:59 Bloodlines
26:24 Castle Age
25:40 Forging
25:38 Scale Barding Armor
28:27 Loom
29:18 Wheelbarrow
28:28 Town Watch
33:07 Murder Holes
33:34 Ballistics
33:31 Siphons
43:33 Imperial Age
40:59 Gold Mining
41:03 Stone Mining
42:09 Bow Saw
45:55 Stone Shaft Mining
45:56 Gold Shaft Mining
45:33 Double Crossbow
45:35 Fletching
47:15 Chemistry
48:28 Bodkin Arrow
49:06 Heavy Scorpion
53:32 Bracer
54:27 Elite Skirmisher
56:34 Padded Archer Armor
58:55 Husbandry
Osibexe
13:08 Feudal Age
13:34 Double-Bit Axe
14:38 Man-at-Arms
18:40 Loom
24:33 Castle Age
22:56 Scale Mail Armor
27:20 Bow Saw
32:09 Stone Mining
34:06 Long Swordsman
35:35 Horse Collar
37:35 Squires
36:57 Crossbowman
38:53 Chain Mail Armor
39:37 Padded Archer Armor
43:46 Imperial Age
45:20 Conscription
49:33 Forging
49:53 Plate Mail Armor
55:52 Iron Casting
61:42 Elite Samurai
BenitoCamela
13:54 Feudal Age
15:16 Wheelbarrow
14:45 Fishing Lines
17:50 Double-Bit Axe
23:07 Castle Age
21:09 Gold Mining
22:25 Town Watch
23:37 Fletching
24:44 Hand Cart
26:13 Bow Saw
28:20 Gillnets
27:55 Crossbowman
29:41 Ballistics
30:31 Bodkin Arrow
38:24 Imperial Age
36:37 Treadmill Crane
39:39 Gold Shaft Mining
39:52 Bracer
39:53 Padded Archer Armor
40:06 Careening
39:55 Murder Holes
41:01 Chemistry
41:31 Yeomen
41:38 Yeomen
41:41 Conscription
44:25 Hoardings
44:42 Leather Archer Armor
47:38 Caravan
49:58 Masonry
51:10 Two-Man Saw
51:26 Ring Archer Armor
53:29 Warwolf
60:35 Architecture
59:28 Elite Longbowman
Connection lost

Rejoining the realm…

Still unreachable

The connection could not be restored.

Session expired

The server has moved on; the page needs a fresh start.